 Dungeon Crawl Stone Soup version 0.31-a0-971-g75a2e9a4b4 (webtiles) character file.

Game seed: 14085953396626401838

2033 timneilson the Shield-Bearer (level 9, -5/54 HPs)
             Began as a Gargoyle Fighter on Oct 28, 2023.
             Was an Initiate of Gozag.
             Killed from afar by a steam dragon (15 damage)
             ... with a ball of steam
             ... on level 6 of the Dungeon.
             The game lasted 00:13:41 (6069 turns).

timneilson the Shield-Bearer (Gargoyle Fighter)     Turns: 6069, Time: 00:13:42

Health: -5/54      AC: 19    Str: 25    XL:     9   Next: 24%
Magic:  9/9        EV:  9    Int: 15    God:    Gozag
Gold:   348        SH:  7    Dex: 15    Spells: 8/8 levels left

rFire   . . .        a - +0 long sword
rCold   + . .        c - +1 buckler
rNeg    + . .        q - +0 chain mail
rPois   ∞            (no helmet)
rElec   +            u - +0 cloak
rCorr   .            (no gloves)
SInv    .            p - +0 pair of boots
Will    .....        (no amulet) Stlth
                     s - ring "Acwiboi" {Str+5 Int+6 Dex+2}
HPRegen 0.29/turn    m - ring of protection from cold
MPRegen 0.11/turn

%: no passive effects
@: gold aura
A: sickness immunity, AC +6, negative energy resistance 1, electricity
resistance, torment resistance 1, petrification resistance
a: Renounce Religion, Potion Petition, Call Merchant, Bribe Branch


You were on level 6 of the Dungeon.
You worshipped Gozag.
Gozag was aware of your devotion.
You visited 2 branches of the dungeon, and saw 8 of its levels.

You collected 437 gold pieces.
You paid 89 gold pieces to Gozag.

Inventory:

Hand Weapons
 a - a +0 long sword (weapon)
Armour
 b - a +0 plate armour
 c - a +1 buckler (worn)
 p - a +0 pair of boots (worn)
 q - a +0 chain mail (worn)
 u - a +0 cloak (worn)
Jewellery
 d - a ring of positive energy
 e - a ring of see invisible
 m - a ring of protection from cold (right hand)
 s - the ring "Acwiboi" (left hand) {Str+5 Int+6 Dex+2}
   (You acquired it on level 6 of the Dungeon)

   [ring of intelligence]

   Str+5:     It affects your strength (+5).
   Int+6:     It affects your intelligence (+6).
   Dex+2:     It affects your dexterity (+2).
 x - a ring of fire
Wands
 k - a wand of digging (7)
 l - a wand of paralysis (10)
Scrolls
 f - 4 scrolls of blinking
 r - a scroll of poison
 t - a scroll of identify
 y - a scroll of amnesia
 z - a scroll of enchant armour
Potions
 g - 2 potions of resistance
 h - 4 potions of curing
 i - a potion of brilliance {unknown}
 j - a potion of lignification {unknown}
 n - 2 potions of heal wounds
 o - 3 potions of mutation
 v - a potion of attraction {unknown}


   Skills:
 + Level 5.3 Fighting
 * Level 5.2 Long Blades
 * Level 6.7 Armour
 + Level 2.7 Dodging
 * Level 6.7 Shields
 + Level 2.8 Evocations
 + Level 2.3 Shapeshifting


You had 8 spell levels left.
You didn't know any spells.
Your spell library contained the following spells:

 Spells                   Type           Power      Damage    Failure   Level
 Slow                     Hex            0%         N/A       82%         1
 Wereblood                Tmut           0%         N/A       91%         2
 Confusing Touch          Hex            0%         N/A       99%         3
 Gell's Gravitas          Tloc           0%         N/A       99%         3
 Sigil of Binding         Hex            0%         N/A       99%         3
 Teleport Other           Tloc           0%         N/A       99%         3
 Vampiric Draining        Necr           0%         2d6       99%         3
 Dispersal                Tloc           0%         N/A       100%        6
 Summon Hydra             Summ           0%         N/A       100%        7
 Sublimation of Blood     Necr           Unusable   N/A       N/A         2

Dungeon Overview and Level Annotations

Branches:
Dungeon (7/15)             Temple (1/1) D:6

Altars:
Ashenzari
Cheibriados
Dithmenos
Elyvilon
Fedhas
Gozag
Hepliaklqana
Kikubaaqudgha
Makhleb
Nemelex Xobeh
Okawaru
Qazlal
Ru
Sif Muna
Trog
Uskayaw
Vehumet
Wu Jian
Xom
Zin
The Shining One

Shops:
D:2 =   D:5 (

Portals:
Abyss: D:6

Annotations:
D:4 1 runed translucent door, Crazy Yiuf
D:6 2 transporters, PowderKeg's ghost, novice GrEE


Innate Abilities, Weirdness & Mutations

You are immune to sickness and miasma.
Your stone body is resilient. (AC +6)
You are immune to poison.
You resist negative energy. (rN+)
You are resistant to electric shocks. (rElec)
You are resistant to unholy torment.
You are immune to petrification.


Message History

The ball of steam hits you! The steam dragon bites you!
* * * LOW HITPOINT WARNING * * *
The steam dragon claws you but does no damage.
You hit the steam dragon.
The steam dragon is moderately wounded.
You are engulfed in a cloud of scalding steam.
* * * LOW HITPOINT WARNING * * *
PowderKeg's ghost is distracted by your dazzling golden aura.
The steam dragon barely misses you. You block the steam dragon's attack.
Unknown command.
You feel much better. The steam dragon breathes steam at you.
The ball of steam hits you!
PowderKeg's ghost turns its malevolent gaze towards you.
You hit the steam dragon but do no damage.
The steam dragon is moderately wounded.
You are engulfed in a cloud of scalding steam.
PowderKeg's ghost is no longer distracted by gold.
The steam dragon barely misses you.
The steam dragon claws you but does no damage.
You hit the steam dragon but do no damage.
The steam dragon is moderately wounded.
You are engulfed in a cloud of scalding steam.
The steam dragon barely misses you.
The steam dragon claws you but does no damage.
You hit the steam dragon but do no damage.
The steam dragon is moderately wounded.
The steam dragon breathes steam at you.
The ball of steam hits you but does no damage.
You hit the steam dragon but do no damage.
The steam dragon is moderately wounded.
You are engulfed in a cloud of scalding steam.
The steam dragon breathes steam at you. The ball of steam hits you!
* * * LOW HITPOINT WARNING * * *
The steam dragon misses you. The steam dragon closely misses you.
The steam dragon breathes steam at you. The ball of steam hits you!
You die...
Your body crumbles into a pile of gold.

#.##.## #.# ##...##########.
#.##..# #.# ##.## #. #.###.#
#.# #.# ####. #.# #.# #.# #.#
#.... #.###.###.######'####
#.##.
#............##.....#####.##.
#####.######.................
#..## #.................
##...####@.....####....###
##....(.D§§§§####..##..##.#
#.....####[..#355..^#.## #$
#.#...## #...#####..###...#
#.#....###....##### .©?## #
#.###..##.........##### ###
#......##..........#.#..#..
######........###..##..©#..
#..#....##W##.©#)#.##.


You could see a sun demon and a steam dragon (catching breath).

Vanquished Creatures
  A two-headed ogre (D:5)
  Eustachio (D:4)
  An ice beast (D:4)
  A sky beast (D:6)
  A black bear (D:4)
  4 ogres
  2 scorpions
  2 howler monkeys (D:4)
  A jelly (D:5)
  A hound (D:6)
  2 orc priests
  2 sleepcaps
  Jessica (D:2)
  3 iguanas (D:4)
  An orc wizard (D:6)
  6 gnolls (D:6)
  4 adders
  A white imp (D:5)
  A worm (D:3)
  15 orcs
  5 endoplasms
  4 giant cockroaches
  12 goblins
  10 hobgoblins
  2 jackals (D:1)
  6 quokkas
  8 ball pythons
  7 bats
  3 frilled lizards
  8 kobolds
  4 rats
120 creatures vanquished.

Vanquished Creatures (others)
  An orc wizard (D:7)
  A white imp (D:7)
2 creatures vanquished.

Grand Total: 122 creatures vanquished

Notes
Turn   | Place    | Note
-------+----------+-------------------------------------------
     0 | D:1      | timneilson the Gargoyle Fighter began the quest for the
                  | Orb.
     0 | D:1      | Reached XP level 1. HP: 14/14 MP: 1/1
    86 | D:1      | Reached XP level 2. HP: 17/19 MP: 2/2
   404 | D:1      | Reached XP level 3. HP: 23/23 MP: 3/3
   801 | D:2      | Reached XP level 4. HP: 28/28 MP: 4/4
   919 | D:2      | Found Jotojoosk's Jewellery Boutique.
  1144 | D:2      | Noticed Jessica
  1149 | D:2      | Killed Jessica
  1152 | D:2      | Reached XP level 5. HP: 33/33 MP: 5/5
  2313 | D:4      | Reached skill level 1 in Dodging
  2313 | D:4      | Reached XP level 6. HP: 25/38 MP: 6/6
  2379 | D:4      | Noticed Eustachio
  2390 | D:4      | Killed Eustachio
  2391 | D:4      | Reached skill level 1 in Evocations
  2391 | D:4      | Reached skill level 1 in Shapeshifting
  2424 | D:4      | Noticed a black bear
  2455 | D:4      | Killed a black bear
  2456 | D:4      | Reached XP level 7. HP: 11/43 MP: 7/7
  2861 | D:4      | Found a runed translucent door.
  2862 | D:4      | Noticed Crazy Yiuf
  2915 | D:5      | Entered Level 5 of the Dungeon
  2982 | D:5      | Reached skill level 5 in Shields
  3026 | D:5      | Reached skill level 5 in Armour
  3191 | D:5      | Noticed a two-headed ogre
  3282 | D:5      | Found Lilicruc's Antique Weapon Boutique.
  3472 | D:4      | Reached XP level 8. HP: 36/48 MP: 8/8
  3638 | D:5      | Killed a two-headed ogre
  3639 | D:5      | Reached skill level 5 in Fighting
  3764 | D:5      | Reached XP level 9. HP: 3/54 MP: 9/9
  3959 | D:5      | Reached skill level 5 in Long Blades
  4707 | D:6      | Found a staircase to the Ecumenical Temple.
  4718 | Temple   | Entered the Ecumenical Temple
  4743 | Temple   | Became a worshipper of Gozag Ym Sagoz the Greedy
  4764 | D:6      | Found a one-way gate to the infinite horrors of the Abyss.
  4764 | D:6      | Noticed PowderKeg's ghost (novice GrEE)
  4776 | D:6      | Noticed a sun demon
  4782 | D:6      | Found a transporter.
  4792 | D:6      | Found a transporter.
  5804 | D:6      | Identified a scroll of acquirement
  5804 | D:6      | Acquired the ring "Acwiboi" {Str+5 Int+6 Dex+2}
  5905 | D:7      | Noticed a gargoyle
  5905 | D:7      | Noticed a troll
  6069 | D:6      | Killed from afar by a steam dragon

Illustrated notes

Levels and vault maps discovered:
D:1:      scummos_arrival_hexagon, layout_rooms, minmay_bisected
D:2:      cheibrodos_pilgrimage, layout_basic, serial_shops, shop,
          kennysheep_jessica_study
D:3:      layout_basic, chequers_big_river, dreamdust_mushroom_princess
D:4:      layout_rooms, serial_park_tiny_pond, chequers_garden, uniq_eustachio,
          uniq_crazy_yiuf_cottage
D:5:      layout_loops_cross, serial_shops, shop
D:6:      layout_loops_corners, minmay_temple_entry_glassed_door,
          gammafunk_ghost_abyssal_escape
D:7:      mumra_celtic_spiral_tile, layout_rooms, lightli_corner_chamber
Temple:   compressed_dpeg_triangle_lava_temple

Skill      XL: |  1  2  3  4  5  6  7  8  9 |
---------------+----------------------------+-----
Long Blades    | 2 3 4 5 |  5.2
Armour         | 4 5 6 |  6.7
Shields        | 4 5 6 |  6.7
Dodging        | 1 2 |  2.7
Fighting       | 4 5 |  5.3
Evocations     | 1 2 |  2.8
Shapeshifting  | 1 2 |  2.3

Action                     |  1- 3 |  4- 6 |  7- 9 || total
---------------------------+-------+-------+-------++-------
  Melee: Long sword        |   139 |   141 |   270 ||   550
  Evoke: Wand              |       |       |     2 ||     2
    Use: Scroll            |     4 |     4 |     9 ||    17
         Potion            |       |     1 |     1 ||     2
   Stab: Paralysed         |       |       |    12 ||    12
 Armour: Scale mail        |   100 |   126 |    95 ||   321
         Chain mail        |       |       |   109 ||   109
  Dodge: Dodged            |    82 |    91 |   126 ||   299
  Block: Buckler           |    36 |    47 |    71 ||   154

Table legend: (Time is in decaauts)
 A = Elapsed time spent in this place.
 B = Non-inter-level travel time spent in this place.
 C = Inter-level travel time spent in this place.
 D = Time resting spent in this place.
 E = Time spent auto-exploring this place.
 F = Levels seen in this place.
 G = Mean time per level.
                   A        B        C        D        E       F      G
               +--------+--------+--------+--------+--------+-----+--------+
         Total |   6226 |   5984 |    242 |    712 |   3579 |   8 |  778.2 |
       Dungeon |   6191 |   5957 |    234 |    712 |   3579 |   7 |  884.4 |
        Temple |     34 |     26 |      8 |      0 |      0 |   1 |   34.0 |
               +--------+--------+--------+--------+--------+-----+--------+

Top non-repeatable levels by time:
     D:5: 1384 daAuts
     D:6: 1313 daAuts
     D:4: 1208 daAuts
     D:3: 874 daAuts
     D:2: 752 daAuts
     D:1: 570 daAuts
     D:7: 87 daAuts
  Temple: 34 daAuts
